 Dungeon Crawl Stone Soup version 0.27-a0-1301-g128193abf8 (webtiles) character file.

Game seed: 5268499589592477567

215 Johnny the Magician (level 5, -1/32 HPs)
             Began as a Deep Elf Earth Elementalist on June 17, 2021.
             Slain by a hobgoblin (2 damage)
             ... on level 3 of the Dungeon.
             The game lasted 00:03:17 (3765 turns).

Johnny the Magician (Deep Elf Earth Elementalist)   Turns: 3765, Time: 00:03:17

Health: -1/32      AC:  2    Str:  5    XL:     5   Next: 60%
Magic:  14/14      EV: 12    Int: 21    God:
Gold:   86         SH:  0    Dex: 15    Spells: 12/13 levels left

rFire    . . .     SeeInvis .   d - +0 dagger (freeze)
rCold    . . .     Faith    .   (no shield)
rNeg     . . .     Spirit   .   b - +0 robe
rPois    .         Reflect  .   (no helmet)
rElec    .         Harm     .   (no cloak)
rCorr    .         Rampage  .   (no gloves)
Will     .....                  (no boots)
Stlth    ++........             (no amulet)
HPRegen  0.10/turn              (no ring)
MPRegen  0.14/turn              (no ring)

@: invisible
A: no striking features
a: no special abilities


You were on level 3 of the Dungeon.
You visited 1 branch of the dungeon, and saw 3 of its levels.

You collected 112 gold pieces.
You spent 26 gold pieces at shops.

Inventory:

Hand Weapons
 a - a +0 short sword
 d - a +0 dagger of freezing (weapon)
Missiles
 c - 102 stones
Armour
 b - a +0 robe (worn)
Jewellery
 h - a +6 ring of intelligence
 m - a ring of poison resistance
Scrolls
 e - 2 scrolls of blinking {unknown}
 g - a scroll of enchant armour {unknown}
 j - a scroll of immolation {unknown}
 l - a scroll of summoning {unknown}
 p - a scroll of identify {unknown}
Potions
 f - a potion of curing {unknown}
 i - a potion of invisibility
 k - a potion of might {unknown}
 n - a potion of resistance {unknown}
 o - a potion of cancellation {unknown}


   Skills:
 * Level 3.1 Fighting
 - Level 2.4 Dodging
 - Level 2.4 Stealth
 + Level 4.7 Spellcasting
 - Level 1.1 Transmutations
 + Level 4.4 Earth Magic


You had 12 spell levels left.
You knew the following spells:

 Your Spells              Type           Power      Damage    Failure   Level
a - Sandblast             Erth           46%        2d11      1%          1

Your spell library contained the following spells:

 Spells                   Type           Power      Damage    Failure   Level
 Passwall                 Tmut/Erth      13%        N/A       5%          2
 Stone Arrow              Conj/Erth      28%        3d8       13%         3
 Confusing Touch          Hex            4%         N/A       32%         3
 Gell's Gravitas          Tloc           2%         N/A       32%         3
 Petrify                  Tmut/Erth      16%        N/A       34%         4
 Lee's Rapid Deconstruct  Erth           11%        3d9*      45%         5
 Yara's Violent Unravell  Hex/Tmut       3%         3d4       94%         5
 Metabolic Englaciation   Hex/Ice        2%         N/A       97%         5


Dungeon Overview and Level Annotations

Branches:
Dungeon (3/15)

Altars:

Shops:
D:1 (?*

Annotations:
D:3 Grinder


Message History

You suddenly lose the ability to move!
The hobgoblin barely misses you. Grinder gestures at you.
Pain shoots through your body! The hobgoblin completely misses you.
Grinder hits you. The hobgoblin hits you.
* * * LOW HITPOINT WARNING * * *
Grinder hits you.
* * * LOW HITPOINT WARNING * * *
You writhe in agony.
* * * LOW HITPOINT WARNING * * *
You can move again.
Unknown command.
Unknown command.
Unknown command.
Unknown command.
Unknown command.
Unknown command.
Unknown command.
Unknown command.
Unknown command.
Unknown command.
Unknown command.
Unknown command.
Unknown command.
Unknown command.
Unknown command.
Unknown command.
Unknown command.
Unknown command.
Unknown command.
Unknown command.
Unknown command.
Unknown command.
Unknown command.
Grinder blinks!
It was a potion of invisibility.
You fade into invisibility!
The hobgoblin hits you.
You die...

####....########.#..>####........
# ##.#.# #.##.## ##....... ###.#
#.#### ##.....# #.# #....#
##...## #.# ##.###.# ##+## #.#
#.## #.# #.# #.# #.## ###
#######.# ##@###..... ........#
##g§..# ######### ##.#.# ... ##.#
.# #


You could see a hobgoblin.

Vanquished Creatures
  2 orc priests (D:3)
  4 gnolls (D:2)
  4 adders
  6 worms
  2 dart slugs (D:2)
  4 orcs
  5 ball pythons
  6 endoplasms
  2 giant cockroaches (D:3)
  3 goblins
  4 hobgoblins
  4 jackals (D:2)
  2 kobolds (D:1)
  4 quokkas
  A bat (D:1)
  A frilled lizard (D:2)
  10 rats
64 creatures vanquished.

Notes
Turn   | Place    | Note
-------+----------+-------------------------------------------
     0 | D:1      | Johnny the Deep Elf Earth Elementalist began the quest for
                  | the Orb.
     0 | D:1      | Reached XP level 1. HP: 10/10 MP: 6/6
   383 | D:1      | Reached XP level 2. HP: 16/16 MP: 8/8
   458 | D:1      | Reached skill level 1 in Fighting
   459 | D:1      | Found Zuck's General Store.
   465 | D:1      | Bought 24 stones for 26 gold pieces
   903 | D:1      | Found Buxointe's Magic Scroll Emporium.
   921 | D:1      | Found Situ's Antique Weapon Shoppe.
  1293 | D:2      | Reached XP level 3. HP: 20/20 MP: 7/10
  1341 | D:2      | Found a faded altar of an unknown god.
  2104 | D:2      | Reached XP level 4. HP: 21/26 MP: 5/11
  2918 | D:3      | Reached XP level 5. HP: 31/31 MP: 8/13
  3755 | D:3      | Noticed Grinder
  3760 | D:3      | Paralysed by Grinder for 4 turns
  3763 | D:3      | HP: 1/32 [Grinder (3)]
  3765 | D:3      | Slain by a hobgoblin

Illustrated notes

Levels and vault maps discovered:
D:1:      dpeg_arrival_arbitrary_a, layout_loops_ring, serial_shops,
          nicolae_lakefront_shop, shop, nicolae_square_shop
D:2:      minmay_spotlight, layout_basic, ebering_ecumenical_altar_sacrificial,
          minmay_indecisive_spiral
D:3:      layout_loops_corners, gup_sewer_entry_spiral,
          minmay_misc_feat_four_crosses, feat_on_display,
          uniq_crazy_yiuf_cottage, uniq_grinder

Skill      XL: |  1  2  3  4  5 |
---------------+----------------+-----
Fighting       | 1 2 3 |  3.1
Spellcasting   | 4 |  4.7
Earth Magic    | 4 |  4.4
Dodging        | |  2.4
Stealth        | |  2.4
Transmutations | |  1.1

Action                   |  1- 3 |  4- 6 || total
-------------------------+-------+-------++-------
Melee: Short sword       |    10 |       ||    10
       Dagger            |    38 |    35 ||    73
 Cast: Sandblast         |    20 |    44 ||    64
  Use: Potion            |       |     1 ||     1
 Stab: Sleeping          |    12 |     1 ||    13
Armor: Robe              |     3 |    10 ||    13
Dodge: Dodged            |    26 |    31 ||    57

Table legend: (Time is in decaauts)
 A = Elapsed time spent in this place.
 B = Non-inter-level travel time spent in this place.
 C = Inter-level travel time spent in this place.
 D = Time resting spent in this place.
 E = Time spent auto-exploring this place.
 F = Levels seen in this place.
 G = Mean time per level.
                   A        B        C        D        E       F      G
               +--------+--------+--------+--------+--------+-----+--------+
         Total |   3804 |   3686 |    118 |    337 |   2910 |   3 | 1268.0 |
       Dungeon |   3804 |   3686 |    118 |    337 |   2910 |   3 | 1268.0 |
               +--------+--------+--------+--------+--------+-----+--------+

Top non-repeatable levels by time:
     D:1: 1513 daAuts
     D:3: 1241 daAuts
     D:2: 1049 daAuts
